Map: Abiogenesis LE

Players

akira - Winner!

  • Race: Protoss Protoss
  • League: Master
  • Spawn Location: 11:00

A.I. 1 (Medium)

  • Race: Protoss Protoss
  • Spawn Location: 5:00

VOD

Have the link to the VOD?

Description

Time

  • Played on: Feb. 5, 2018, 6:46 a.m.
  • Length: 8:30
Show
View Real Time Build Order
Export as new Build Order

akira Protoss - Winner!

Build Orders: Blink Stalkers, Zealot Archon 

Get SALT Encoding   

  12  0:00  Probe  
  13  0:12  Probe  
  14  0:17  Pylon  
  14  0:25  Probe  
  15  0:37  Gateway, Probe (Chrono Boost)  
  16  0:48  Assimilator, Probe (Chrono Boost)  
  17  0:52  Probe (Chrono Boost)  
  17  0:56  Assimilator  
  18  1:04  Probe (Chrono Boost)  
  20  1:11  Probe (Chrono Boost)  
  20  1:13  Gateway  
  20  1:18  Probe  
  21  1:26  Cybernetics Core  
  21  1:30  Probe  
  22  1:36  Pylon  
  22  1:42  Probe  
  23  1:54  Probe (Chrono Boost)  
  23  2:01  Warp Gate (Chrono Boost)  
  24  2:03  Adept x2  
  24  2:06  Probe (Chrono Boost)  
  29  2:13  Pylon  
  29  2:14  Probe (Chrono Boost)  
  30  2:21  Probe  
  31  2:33  Probe  
  32  2:45  Nexus  
  33  2:55  Stalker  
  34  2:59  Stalker  
  34  3:05  Pylon  
  36  3:08  Probe  
  37  3:20  Probe  
  37  3:25  Sentry  
  37  3:26  Twilight Council  
  40  3:30  Sentry  
  42  3:36  Probe  
  42  3:39  Robotics Facility  
  43  3:48  Probe  
  44  3:54  Blink (Chrono Boost)  
  44  3:58  Probe  
  44  4:00  Probe  
  46  4:08  Stalker  
  48  4:10  Stalker  
  48  4:11  Probe  
  48  4:14  Probe  
  52  4:23  Probe  
  53  4:26  Probe  
  53  4:27  Observer  
  55  4:32  Stalker  
  55  4:34  Pylon  
  55  4:35  Probe  
  55  4:36  Stalker  
  60  4:41  Assimilator  
  60  4:42  Assimilator  
  60  4:49  Probe x2  
  62  4:53  Pylon  
  62  4:56  Stalker  
  62  4:59  Stalker  
  66  5:01  Probe  
  66  5:02  Probe  
  68  5:13  Immortal, Probe  
  73  5:14  Probe  
  74  5:22  Stalker  
  74  5:23  Stalker, Pylon  
  76  5:29  Probe  
  77  5:38  Probe  
  74  5:46  Nexus  
  74  5:48  Probe  
  74  5:49  Charge  
  75  5:51  Probe  
  75  5:56  Immortal  
  80  6:02  Forge  
  80  6:03  Probe  
  81  6:04  Probe  
  81  6:09  Pylon  
  82  6:16  Probe x2  
  84  6:28  Gateway x2, Probe  
  84  6:29  Templar Archives, Probe  
  86  6:35  Protoss Ground Weapons Level 1 (Chrono Boost)  
  86  6:39  Immortal  
  90  6:41  Probe  
  91  6:49  Gateway  
  91  6:50  Gateway  
  91  6:58  Gateway  
  91  7:00  Gateway  
  91  7:04  Probe x2  
  91  7:05  Probe  
  94  7:18  Immortal  
  94  7:20  Probe x2  
  94  7:21  Probe  
  101  7:26  High Templar  
  101  7:27  High Templar  
  101  7:28  High Templar x2  
  109  7:32  Assimilator  
  109  7:33  Assimilator  
  109  7:37  Pylon  
  109  7:38  Pylon  
  109  7:40  Pylon  
  109  7:42  Archon x2  
  109  7:54  Pylon  
  109  7:55  Probe x3  
  109  7:58  Zealot x4  
  116  7:59  Zealot x2  
  116  8:00  Zealot x2  
  130  8:07  Probe  
  135  8:17  Pylon  
  135  8:18  High Templar  
  135  8:19  Zealot x2, High Templar  
Show
View Real Time Build Order
Export as new Build Order

A.I. 1 (Medium) Protoss 

Build Orders:  

Get SALT Encoding   

  12  0:00  Probe  
  13  0:13  Probe  
  14  0:19  Pylon  
  14  0:25  Probe  
  15  0:37  Probe  
  15  0:40  Gateway  
  16  0:47  Assimilator  
  16  0:49  Probe  
  17  1:00  Pylon  
  17  1:01  Probe  
  18  1:29  Gateway  
  18  1:30  Cybernetics Core  
  18  1:34  Assimilator  
  18  1:41  Zealot  
  20  2:07  Warp Gate  
  20  2:08  Zealot  
  22  2:11  Pylon  
  22  2:17  Stalker  
  24  2:35  Stalker  
  24  2:36  Probe  
  27  2:47  Stalker  
  27  2:48  Probe  
  30  2:55  Pylon  
  30  3:01  Probe  
  30  3:05  Stalker  
  33  3:12  Forge  
  33  3:13  Probe  
  34  3:25  Probe  
  35  3:37  Probe  
  36  5:17  Sentry, Probe  
  36  5:20  Photon Cannon  
  39  5:21  Photon Cannon  
  39  5:22  Pylon  
  39  5:23  Robotics Facility  
  39  5:26  Stargate  
  39  5:28  Twilight Council  
  39  5:29  Adept, Gateway  
  39  5:31  Forge  
  41  5:40  Probe  
  41  5:42  Sentry  
  41  5:43  Pylon  
  33  5:52  Probe  
  33  5:54  Sentry  
  34  6:06  Adept  
  34  6:13  Observer  
  29  6:18  Stalker  
  30  6:34  Observer  
  30  6:37  Zealot  
  32  6:45  Zealot  
  25  6:47  Stargate  
  25  6:50  Pylon  
  24  6:54  Pylon  
  24  6:57  Zealot  
  22  7:09  Stalker  
  21  7:21  Stalker, Pylon  
  23  7:29  Nexus  
  17  7:32  Void Ray  
  16  7:43  Probe  
Tags
 
Add a new tag
Caveats
  • Supply blocks, unpowered buildings, or Contaminate may cause inaccurate times.
  • Supply counts are checked every 10 seconds.